 Dungeon Crawl Stone Soup version 0.30.0-5-g1a98f26d00 (webtiles) character file.

Game seed: 9337600554589915242

122 browni3141 the Trooper (level 5, -4/55 (57) HPs)
             Began as an Ogre Delver on May 10, 2023.
             Was an Initiate of Trog.
             Slain by a scorpion (6 damage)
             ... on level 6 of the Dungeon.
             The game lasted 00:02:23 (542 turns).

browni3141 the Trooper (Ogre Delver)                 Turns: 542, Time: 00:02:23

HP:   -4/55 (57)    AC:  3    Str: 18    XL:     5   Next: 6%
MP:   5/5           EV:  9    Int: 14    God:    Trog [......]
Gold: 55            SH:  0    Dex: 10    Spells: 4/4 levels left

rFire   x . .        H - +1 spear of Inflation {drain, rF- Will+ rCorr Int+3}
rCold   . . .        (no shield)
rNeg    . . .        b - +0 robe
rPois   .            (helmet restricted)
rElec   .            (no cloak)
rCorr   +            (gloves unavailable)
SInv    .            (boots unavailable)
Will    +....        (no amulet)
Stlth   ++           (no ring)
HPRegen 0.29/turn    (no ring)
MPRegen 0.09/turn

%: no passive effects
@: lethally poisoned (-4 -> -10), lightly drained
A: large, unfitting armour, tough skin 1
a: Renounce Religion


You were on level 6 of the Dungeon.
You worshipped Trog.
Trog was noncommittal.
You visited 2 branches of the dungeon, and saw 3 of its levels.

You collected 55 gold pieces.

Inventory:

Hand Weapons
 a - a +0 mace
 H - the +1 spear of Inflation (weapon) {drain, rF- Will+ rCorr Int+3}
   (You found it on level 6 of the Dungeon)

   Int:       It affects your intelligence (+3).
   rF:        It makes you vulnerable to fire.
   rCorr:     It protects you from acid and corrosion.
   Will:      It increases your willpower.
Armour
 b - a +0 robe (worn)
Wands
 g - a wand of digging (3)
Scrolls
 d - 2 scrolls of magic mapping
 F - a scroll of fog


   Skills:
 + Level 5.3 Fighting
 - Level 3.6 Maces & Flails
 * Level 1.2 Polearms
 - Level 1.7 Dodging
 - Level 3.7 Stealth


You had 4 spell levels left.
You didn't know any spells.
Your spell library was empty.

Dungeon Overview and Level Annotations

Branches:
Dungeon (6/15)             Temple (1/1) D:5

Altars:
Ashenzari
Cheibriados
Dithmenos
Elyvilon
Gozag
Hepliaklqana
Kikubaaqudgha
Nemelex Xobeh
Okawaru
Ru
Sif Muna
Trog
Uskayaw
Wu Jian
Xom
Yredelemnul
Zin
The Shining One


Innate Abilities, Weirdness & Mutations

You are too large for most types of armour.
You have tough skin. (AC +1)


Message History

You barely miss the hound. The hound closely misses you.
A bullfrog comes into view.
The hound bites you.
You barely miss the hound. The hound closely misses you.
The hound attacks as you move away! The hound misses you.
The hound closely misses you. The hound attacks as you move away!
The hound bites you but does no damage.
You puncture the hound!
The hound is heavily wounded.
The hound bites you. The hound closely misses you.
You barely miss the hound.
The hound is heavily wounded.
The hound barely misses you. The hound bites you.
You hit the orc but do no damage. The hound bites you but does no damage.
The orc hits you with a +1 dagger of draining.
You feel drained. The hound barely misses you.
The orc hits you but does no damage.
You feel drained.
Okay, then.
You hit the orc.
The orc is moderately wounded.
The hound bites you.
The orc hits you with a +1 dagger of draining.
You feel drained. The hound barely misses you.
You completely miss the orc.
The orc is lightly wounded.
The hound bites you.
The orc hits you with a +1 dagger of draining.
You feel drained.
You closely miss the orc.
The orc is lightly wounded.
The hound bites you. The orc barely misses you.
The bullfrog swells and bulges.
The hound closely misses you.
You barely miss the orc.
The orc is lightly wounded.
The hound bites you.
The orc hits you with a +1 dagger of draining.
You feel drained.
As you read the scroll of fear, it crumbles to dust.
You assume a fearsome visage.
The bullfrog looks frightened!
The orc looks frightened!
The hound looks frightened!
Cornered, the hound turns to fight!
The hound attacks as you move away! The hound barely misses you.
The hound barely misses you. The hound bites you. The hound bites you.
The hound barely misses you. The hound attacks as you move away!
The hound barely misses you. The hound bites you.
You closely miss the hound.
The hound is heavily wounded.
The hound bites you. The hound closely misses you.
You closely miss the hound.
The hound is heavily wounded.
The hound bites you.
* * * LOW HITPOINT WARNING * * *
The hound bites you.
* * * LOW HITPOINT WARNING * * *
You barely miss the hound.
The hound is moderately wounded.
The hound closely misses you.
A scorpion comes into view.
The hound barely misses you. The hound bites you.
* * * LOW HITPOINT WARNING * * *
The hound closely misses you. The hound completely misses you.
There is an open door here.
Items here: ))) [ †††.
You hit the hound. You drain the hound.
The hound is almost dead.
The hound bites you.
* * * LOW HITPOINT WARNING * * *
The hound bites you.
* * * LOW HITPOINT WARNING * * *
The bullfrog gives a loud, deep croak!
You hit the hound but do no damage. You drain the hound.
You kill the hound!
Trog accepts your kill. The scorpion barely misses you.
Your Polearms skill increases to level 1!
You have reached level 5!
Unknown command.
You aren't carrying any potions.
Unknown command.
You aren't carrying any potions.
The air fills with toxic fumes!
As you read the scroll labelled OBUNUN OMOONE, it crumbles to dust.
It was a scroll of poison.
The scorpion stings you.
* * * LOW HITPOINT WARNING * * *
You are lethally poisoned!
The scorpion poisons you!
You aren't carrying any potions.
You barely miss the scorpion.
* * * LOW HITPOINT WARNING * * *
You feel very sick. The scorpion closely misses you.
You hit the scorpion but do no damage.
* * * LOW HITPOINT WARNING * * *
You feel sick. The scorpion stings you.
You die...

..........#.....#.......#
..........#§§§§§#.......#
..........#§§§§§#.......+
#.....#§§.§§#.>.....#
#.....#§§§F§#.......##
#.....#§§§§§#..........
#.....#§§§§§#...........
#.....#§§§§§+............
#.....#§§@§§#.............
#.....##s####.............
#.....§§§.................
#...§§§§§..s..............
#.§§§§§§§.................
#.§§§§§§§.......<.........
###§##§§§....†...........#
######§§.#§§§................#
.........########............#


You could see a bullfrog and a scorpion.

Vanquished Creatures
  A scorpion (D:6)
  A hound (D:6)
  An iguana (D:6)
  3 orcs (D:6)
6 creatures vanquished.

Notes
Turn   | Place    | Note
-------+----------+-------------------------------------------
     0 | D:5      | browni3141 the Ogre Delver began the quest for the Orb.
     0 | D:5      | Reached XP level 1. HP: 24/24 MP: 1/1
    22 | Temple   | Entered the Ecumenical Temple
   151 | Temple   | Became a worshipper of Trog the Wrathful
   238 | D:5      | Found a glowing golden altar of the Shining One.
   290 | D:6      | Noticed a scorpion
   298 | D:6      | Identified the +1 spear of Inflation {drain, rF- Will+
                  | rCorr Int+3}
   301 | D:6      | Noticed an iguana
   348 | D:6      | Killed an iguana
   349 | D:6      | Reached XP level 2. HP: 27/33 MP: 2/2
   349 | D:6      | Reached XP level 3. HP: 33/40 MP: 3/3
   374 | D:6      | Killed a scorpion
   375 | D:6      | Reached skill level 5 in Fighting
   375 | D:6      | Reached skill level 3 in Maces & Flails
   375 | D:6      | Reached XP level 4. HP: 36/50 MP: 4/4
   497 | D:6      | Noticed a bullfrog
   531 | D:6      | Noticed a scorpion
   540 | D:6      | Reached XP level 5. HP: 8/55 MP: 5/5
   542 | D:6      | HP: 2/55 [poisoned by a scorpion]
   542 | D:6      | Slain by a scorpion

Illustrated notes

Levels and vault maps discovered:
D:5:      layout_loops_ring, amcnicky_altar_gilded,
          minmay_temple_entry_large_hall, serial_shops,
          nicolae_shop_advertising_works [nicolae_subvault_shop_adworks],
          kennysheep_another_room
D:6:      layout_gridville, uniq_prince_ribbit1
Temple:   minmay_crystal_spiral_temple

Skill      XL: |  1  2  3  4 |
---------------+-------------+-----
Maces & Flails | 2 3 |  3.6
Fighting       | 5 |  5.3
Polearms       | 1 |  1.2
Dodging        | |  1.7
Stealth        | |  3.7

Action                     |  1- 3 |  4- 6 || total
---------------------------+-------+-------++-------
  Melee: Spear             |    25 |    31 ||    56
    Use: Potion            |     1 |       ||     1
         Scroll            |       |     2 ||     2
 Armour: Robe              |       |     3 ||     3
  Dodge: Dodged            |     7 |    29 ||    36
